 Dungeon Crawl Stone Soup version 0.31-a0-851-g7ff8af7976 (webtiles) character file.

Game seed: 7345584221535729863

27120 Schnaeble the Warrior (level 13, -2/136 HPs)
             Began as a Minotaur Fighter on Oct 6, 2023.
             Was a Believer of Ashenzari.
             Killed by divine providence
             ... invoked by an orc high priest
              (16 damage)
             ... on level 2 of the Orcish Mines.
             The game lasted 00:26:32 (13505 turns).

Schnaeble the Warrior (Minotaur Fighter)           Turns: 13505, Time: 00:26:32

Health: -2/136     AC:  8    Str: 32    XL:     13   Next: 2%
Magic:  12/12      EV: 17    Int:  3    God:    Ashenzari [**....]
Gold:   1251       SH:  8    Dex: 10    Spells: 12/12 levels left

rFire   + . .        h - +7 morningstar of Ashenzari's Adversity {speed, rElec Int-2 SInv, Bglg, Melee} (curse)
rCold   . . .        A - +0 kite shield
rNeg    . . .        b - +0 scale mail
rPois   .            (helmet restricted)
rElec   +            (no cloak)
rCorr   .            n - +0 pair of gloves of the Esoteric Boredom {Cun, Melee} (curse)
SInv    +            (no boots)
Will    .....        (no amulet)
Stlth   ++           D - ring of Dydd {Fly rF+ EV+5}
HPRegen 0.42/turn    l - ring of Ouranomancy {Str+6, Range, Bglg} (curse)
MPRegen 0.13/turn

%: no passive effects
@: flying
A: horns 2, retaliatory headbutt
a: Renounce Religion, Curse Item, Shatter the Chains


You were on level 2 of the Orcish Mines.
You worshipped Ashenzari.
Ashenzari was pleased with you.
You visited 3 branches of the dungeon, and saw 17 of its levels.

You collected 1293 gold pieces.
You spent 42 gold pieces at shops.

Inventory:

Hand Weapons
 a - a +1 flail
 h - the cursed +7 morningstar of Ashenzari's Adversity (weapon) {speed, rElec Int-2 SInv, Bglg, Melee}
   (You acquired it on level 7 of the Dungeon)

   Int-2:     It affects your intelligence (-2).
   rElec:     It insulates you from electricity.
   SInv:      It lets you see invisible.
   It has a curse which improves the following skills: Beguiling: Conjurations,
   Hexes and Translocations.
   Melee Combat: Short Blades, Long Blades, Axes, Maces & Flails, Polearms,
   Staves and Unarmed Combat.
 i - a +3 mace
 v - a +0 whip of electrocution
Missiles
 f - 2 throwing nets
 z - 3 curare-tipped darts
Armour
 b - a +0 scale mail (worn)
 c - a +0 buckler
 n - the cursed +0 pair of gloves of the Esoteric Boredom (worn) {Cun, Melee}
   (You found it on level 5 of the Dungeon)

   It has a curse which improves the following skills: Cunning: Dodging and
   Stealth.
   Melee Combat: Short Blades, Long Blades, Axes, Maces & Flails, Polearms,
   Staves and Unarmed Combat.
 A - a +0 kite shield (worn)
 L - a +0 plate armour
Jewellery
 j - a +6 ring of dexterity
 k - a ring of fire
 l - the cursed ring of Ouranomancy (right hand) {Str+6, Range, Bglg}
   (You found it on level 6 of the Dungeon)

   [ring of strength]

   Str+6:     It affects your strength (+6).
   It has a curse which improves the following skills: Ranged Combat: Ranged
   Weapons and Throwing.
   Beguiling: Conjurations, Hexes and Translocations.
 m - an amulet of magic regeneration
 x - a ring of ice
 D - the ring of Dydd (left hand) {Fly rF+ EV+5}
   (You acquired it on level 2 of the Orcish Mines)

   [ring of evasion]

   EV+5:      It affects your evasion (+5).
   rF+:       It protects you from fire.
   Fly:       It grants you flight.
 J - a ring of ice
Wands
 e - a wand of paralysis (20) (quivered)
 q - a wand of flame (20)
 r - a wand of roots (9)
 t - a wand of mindburst (10)
Scrolls
 p - 6 scrolls of identify
 w - 2 scrolls of immolation
 y - 3 scrolls of vulnerability
 B - 2 scrolls of amnesia
Potions
 d - 3 potions of lignification
 g - 4 potions of mutation
 o - a potion of cancellation
 s - 2 potions of attraction
 u - 4 potions of degeneration
 E - a potion of brilliance
 F - a potion of enlightenment
 G - a potion of magic


   Skills:
 - Level 18.4 Fighting
 - Level 14.0(15.6) Maces & Flails
 - Level 1.3(2.1) Throwing
 * Level 5.8 Armour
 - Level 8.9(10.0) Dodging
 - Level 5.4(6.5) Stealth
 - Level 3.6 Shields


You had 12 spell levels left.
You didn't know any spells.
Your spell library contained the following spells:

 Spells                   Type           Power      Damage    Failure   Level
 Apportation              Tloc           0%         N/A       89%         1
 Summon Small Mammal      Summ           0%         N/A       91%         1
 Jinxbite                 Hex            0%         N/A       96%         2
 Ensorcelled Hibernation  Hex/Ice        0%         N/A       97%         2
 Passwall                 Tmut/Erth      0%         N/A       97%         2
 Call Canine Familiar     Summ           0%         N/A       99%         3
 Summon Guardian Golem    Hex/Summ       0%         N/A       99%         3
 Swiftness                Air            0%         N/A       99%         3
 Vhi's Electric Charge    Tloc/Air       0%         N/A       100%        4
 Alistair's Intoxication  Tmut/Pois      0%         N/A       100%        5
 Arcjolt                  Conj/Air       0%         1d10      100%        5
 Borgnjor's Vile Clutch   Necr/Erth      0%         N/A       100%        5
 Eringya's Noxious Bog    Tmut/Pois      0%         4d6       100%        6
 Maxwell's Capacitive Co  Air            0%         ∞         100%        8


Dungeon Overview and Level Annotations

Branches:
Dungeon (14/15)            Temple (1/1) D:4            Lair (0/5) D:10
    Orc (2/2) D:11            Elf (0/3) Orc:2        Vaults (0/5) D:13

Altars:
Ashenzari
Cheibriados
Dithmenos
Elyvilon
Fedhas
Gozag
Hepliaklqana
Kikubaaqudgha
Makhleb
Nemelex Xobeh
Okawaru
Qazlal
Ru
Trog
Uskayaw
Wu Jian
Xom
Yredelemnul
Zin
The Shining One

Shops:
D:2 !*   D:4 ?   Orc:1 *

Annotations:
D:2 1 runed translucent door, Crazy Yiuf
D:9 Erolcha, Pikel


Innate Abilities, Weirdness & Mutations

You have a pair of horns on your head.
You reflexively headbutt those who attack you in melee.


Message History

Beogh smites you!
The orc wizard points at you and mumbles some strange words.
You are confused.
The orc high priest mumbles some strange prayers to Beogh.
The orc wizard points at you and mumbles some strange words.
The puff of flame hits you. You resist.
Your extra speed is starting to run out.
The orc high priest mumbles some strange prayers to Beogh.
You bump into the rock wall.
The orc high priest mumbles some strange prayers to Beogh.
You're too confused to move!
The orc high priest mumbles some strange prayers.
The ynoxinul bellows!
You hear a shout!
The orc warrior attacks as it pursues you!
The orc warrior hits you with a +0 dire flail!
* * * LOW HITPOINT WARNING * * *
You feel yourself slow down. The orc warrior closely misses you.
The orc sorcerer gestures wildly while chanting.
You feel less confused.
The orc warrior attacks as it pursues you!
The orc warrior barely misses you.
The orc sorcerer casts a spell.
The sun demon disappears in a puff of smoke!
The orc priest invokes the aid of Beogh against you.
Beogh smites you!
* * * LOW HITPOINT WARNING * * *
The orc warrior complains noisily, in orcish tradition.
The orc high priest invokes the aid of Beogh against you.
Beogh smites you!
* * * LOW HITPOINT WARNING * * *
The sun demon shouts!
You thump the orc warrior!
The orc warrior is severely wounded.
You hear a shout!
You impale the orc warrior!!
You kill the orc warrior!
The orc high priest calls down the wrath of Beogh upon you.
Beogh smites you!
You die...

## ###.## ##....#
#....# ###...##
##...@..# #...o).##
..# ##...o..# ⌠.∩#
#....4..# ....#
##...oo.# ...∩#
#.....#o##...##.......
##..#o3.4o............
#.....§ooo.........#..
##.##......o..........


You could see 2 orc high priests, a sun demon (summoned), an orange demon
(summoned), an orc sorcerer, a red devil (summoned), an orc warrior, an orc
priest, 2 orc wizards and 2 orcs.

Vanquished Creatures
  Fannar (D:11)
  A hydra (D:13)
  A centaur warrior (D:13)
  An ogre mage (Orc:1)
  A boulder beetle (D:13)
  9 two-headed ogres
  Sonja (D:11)
  Lodul (D:13)
  An orc knight (D:13)
  A deep elf pyromancer (D:11)
  An ugly thing (D:12)
  A manticore (D:11)
  A cyclops (Orc:1)
  Jeremiah (D:6)
  6 trolls
  A hornet (D:11)
  Sigmund (D:3)
  2 shadows
  4 slime creatures (D:10)
  2 wyverns
  3 wraiths
  13 yaks
  A vampire (D:11)
  15 humans (D:13)
  A steam dragon (D:7)
  5 vampire mosquitoes
  A warg (Orc:2)
  Menkaure (D:7)
  Edmund (D:6)
  A two-headed ogre zombie (D:11)
  5 acid dragons
  An ice beast (D:6)
  2 black bears
  A sky beast (D:6)
  12 orc warriors
  6 ogres
  10 centaurs
  2 phantoms
  A kobold brigand (D:10)
  4 bullfrogs
  2 gnoll sergeants
  3 scorpions
  19 wights
  A troll zombie (D:11)
  A howler monkey (D:7)
  9 killer bees
  11 orc priests
  2 jellies (D:5)
  2 hounds
  Jessica (D:3)
  4 iguanas
  15 orc wizards
  Natasha (D:3)
  6 ogre zombies (D:11)
  Robin (D:2)
  13 gnolls
  10 adders
  A white imp (D:6)
  An ufetubus (D:5)
  4 worms
  4 dart slugs
  51 orcs
  6 ball pythons
  6 bats
  2 endoplasms
  6 giant cockroaches
  18 goblins
  12 hobgoblins
  10 jackals
  16 kobolds
  4 quokkas
  7 frilled lizards
  A goblin skeleton (D:11)
  3 goblin zombies (D:11)
  A hobgoblin skeleton (D:11)
  A hobgoblin zombie (D:11)
  3 orc skeletons (D:11)
  16 orc zombies (D:11)
  7 rats
405 creatures vanquished.

Vanquished Creatures (others)
  An orc (Orc:2)
1 creature vanquished.

Grand Total: 406 creatures vanquished

Notes
Turn   | Place    | Note
-------+----------+-------------------------------------------
     0 | D:1      | Schnaeble the Minotaur Fighter began the quest for the Orb.
     0 | D:1      | Reached XP level 1. HP: 19/19 MP: 0/0
    92 | D:1      | Reached skill level 4 in Fighting
   149 | D:1      | Reached XP level 2. HP: 24/27 MP: 1/1
   331 | D:1      | Reached XP level 3. HP: 26/34 MP: 2/2
  1003 | D:2      | Found a faded altar of an unknown god.
  1174 | D:2      | Found a runed translucent door.
  1175 | D:2      | Noticed Crazy Yiuf
  1222 | D:2      | Found Eqonn's Distillery.
  1234 | D:2      | Found Veaneipi's Assorted Antiques.
  1239 | D:2      | Noticed Robin
  1264 | D:2      | Reached XP level 4. HP: 27/41 MP: 3/3
  1269 | D:2      | Killed Robin
  1349 | D:2      | Bought a potion of curing for 42 gold pieces
  1530 | D:2      | Reached skill level 5 in Maces & Flails
  1631 | D:3      | Reached skill level 1 in Dodging
  1640 | D:3      | Found an opulent altar of Gozag.
  1697 | D:3      | Reached XP level 5. HP: 47/47 MP: 4/4
  1796 | D:3      | Noticed Jessica
  1803 | D:3      | Killed Jessica
  1804 | D:3      | Reached skill level 5 in Fighting
  1970 | D:3      | Noticed Natasha
  1976 | D:3      | Killed Natasha
  2083 | D:3      | Noticed Sigmund
  2107 | D:3      | Killed Sigmund
  2108 | D:3      | Reached XP level 6. HP: 33/56 MP: 5/5
  2400 | D:3      | Found a sparkling altar of Nemelex Xobeh.
  2742 | D:4      | Found a staircase to the Ecumenical Temple.
  2798 | D:4      | Reached XP level 7. HP: 46/61 MP: 6/6
  2929 | Temple   | Entered the Ecumenical Temple
  2994 | Temple   | Became a worshipper of Ashenzari the Shackled
  3247 | D:4      | Found Royckosi's Magic Scroll Boutique.
  3270 | D:5      | Entered Level 5 of the Dungeon
  3444 | D:5      | Found a hide-covered altar of Uskayaw.
  3520 | D:5      | Reached skill level 6 in Fighting
  3866 | D:5      | Reached XP level 8. HP: 67/70 MP: 7/7
  4187 | D:6      | Reached skill level 10 in Maces & Flails
  4248 | D:6      | Found a stormy altar of Qazlal.
  4392 | D:6      | Reached skill level 1 in Stealth
  4823 | D:6      | Noticed Edmund
  4837 | D:6      | Killed Edmund
  4838 | D:6      | Reached XP level 9. HP: 44/78 MP: 8/8
  4842 | D:6      | Reached skill level 7 in Fighting
  5141 | D:6      | Noticed Jeremiah
  5155 | D:6      | Killed Jeremiah
  5847 | D:7      | Identified a scroll of acquirement
  5848 | D:7      | Acquired the +7 morningstar of the Beast {speed, rElec
                  | Int-2 SInv}
  6091 | D:7      | Found a sacrificial altar of Ru.
  6248 | D:7      | Reached skill level 8 in Fighting
  6308 | D:7      | Found a shimmering altar of Xom.
  6421 | D:7      | Noticed Menkaure
  6426 | D:7      | Killed Menkaure
  6841 | D:7      | Reached skill level 9 in Fighting
  6841 | D:7      | Reached XP level 10. HP: 65/91 MP: 9/9
  7294 | D:8      | Reached skill level 10 in Fighting
  7425 | D:8      | Found a hazy altar of Hepliaklqana.
  7706 | D:8      | Found a glowing silver altar of Zin.
  7914 | D:9      | Noticed Erolcha
  8062 | D:10     | Entered Level 10 of the Dungeon
  8241 | D:10     | Found a staircase to the Lair.
  8582 | D:9      | Noticed Pikel
  8590 | D:9      | Reached skill level 11 in Fighting
  8604 | D:9      | Reached skill level 5 in Dodging
  8958 | D:10     | Reached * piety under Ashenzari
  9088 | D:10     | Reached skill level 12 in Fighting
  9400 | D:10     | Reached XP level 11. HP: 98/105 MP: 10/10
  9828 | D:11     | Noticed a two-headed ogre
  9838 | D:11     | Killed a two-headed ogre
  9839 | D:11     | Reached skill level 13 in Fighting
  9976 | D:11     | Found a staircase to the Orcish Mines.
  9979 | D:11     | Noticed Fannar
  9979 | D:11     | Noticed a two-headed ogre
 10009 | D:11     | Killed a two-headed ogre
 10025 | D:11     | Killed Fannar
 10026 | D:11     | Reached skill level 14 in Fighting
 10376 | D:11     | Noticed a two-headed ogre
 10379 | D:11     | Noticed Sonja
 10392 | D:11     | Killed a two-headed ogre
 10404 | D:11     | Killed Sonja
 10661 | D:11     | Reached skill level 15 in Fighting
 10866 | D:11     | Noticed a deep elf pyromancer
 10878 | D:11     | Killed a deep elf pyromancer
 11030 | D:12     | Reached ** piety under Ashenzari
 11096 | D:12     | You fall into a shaft and drop 2 floors!
 11099 | D:14     | Noticed a boulder beetle
 11142 | D:13     | Noticed a boulder beetle
 11157 | D:13     | Killed a boulder beetle
 11158 | D:13     | Reached XP level 12. HP: 58/122 MP: 11/11
 11429 | D:13     | Noticed a two-headed ogre
 11430 | D:13     | Found a gate to the Vaults.
 11430 | D:13     | Noticed Lodul
 11445 | D:13     | Killed a two-headed ogre
 11453 | D:13     | Reached skill level 16 in Fighting
 11458 | D:13     | Killed Lodul
 11459 | D:13     | Reached skill level 5 in Stealth
 11558 | D:13     | Noticed a four-headed hydra
 11571 | D:13     | Killed a four-headed hydra
 11575 | D:13     | Noticed a centaur warrior
 11587 | D:13     | Killed a centaur warrior
 11589 | D:13     | Reached skill level 17 in Fighting
 12175 | Orc:1    | Entered Level 1 of the Orcish Mines
 12179 | Orc:1    | Noticed a two-headed ogre
 12193 | Orc:1    | Killed a two-headed ogre
 12194 | Orc:1    | Reached skill level 1 in Throwing
 12360 | Orc:1    | Noticed a two-headed ogre
 12365 | Orc:1    | Noticed a two-headed ogre
 12596 | Orc:1    | Killed a two-headed ogre
 12600 | Orc:1    | Killed a two-headed ogre
 12638 | Orc:1    | Noticed an ogre mage
 12642 | Orc:1    | Noticed a two-headed ogre
 12644 | Orc:1    | Killed an ogre mage
 12645 | Orc:1    | Reached skill level 18 in Fighting
 12660 | Orc:1    | Killed a two-headed ogre
 12737 | Orc:1    | Noticed a two-headed ogre
 12764 | D:11     | Killed a two-headed ogre
 12934 | Orc:1    | Found Aikkam's Alliterative Armaments.
 13034 | Orc:1    | Noticed an orc warlord
 13038 | Orc:1    | Noticed a two-headed ogre
 13052 | Orc:2    | Entered Level 2 of the Orcish Mines
 13053 | Orc:2    | Acquired the ring of Dydd {Fly rF+ EV+5}
 13146 | Orc:2    | Reached skill level 5 in Armour
 13332 | Orc:2    | Found a staircase to the Elven Halls.
 13416 | Orc:2    | Reached XP level 13. HP: 106/136 MP: 12/12
 13505 | Orc:2    | Killed from afar by an orc high priest

Illustrated notes

Levels and vault maps discovered:
D:1:      minmay_arrival_four_circles, layout_loops_ring, minmay_misc_feat_rows,
          minmay_misc_feat_nine_boxes, nicolae_eternal_life
D:2:      layout_loops_ring, serial_shops, nicolae_shop_crystal,
          nicolae_shop_tiny_waterfront, shop,
          shapermc_ecumenical_altar_flowoftime, uniq_robin,
          uniq_crazy_yiuf_cottage
D:3:      layout_rooms, nemelex_altar_shiori, grunt_gozag_breadcrumbs,
          minmay_fountain_box, uniq_jessica, uniq_natasha, uniq_sigmund
D:4:      layout_loops_cross, minmay_temple_entry_mini_moons, serial_shops, shop
D:5:      layout_loops_ring, lemuel_doored_altar
D:6:      layout_basic, grunt_qazlal_sundering, uniq_jeremiah, uniq_edmund
D:7:      layout_basic, nicolae_ru_great_annihilating_truth,
          mainiacjoe_overflow_six_doors_small, enter_ossuary_2, uniq_menkaure
D:8:      layout_rooms, kennysheep_little_box, lemuel_round_altar
D:9:      layout_roguey, mainiacjoe_overflow_big_doors, uniq_erica, uniq_pikel,
          uniq_erolcha
D:10:     layout_stronghold, dpeg_oklobed_lair
D:11:     layout_loops_cross, zombieorc2_lemuel, uniq_fannar, uniq_sonja
D:12:     layout_roguey, kennysheep_nondescript
D:13:     layout_cave_pods, david_vaults_3
D:14:     layout_loops_ring
Temple:   hellmonk_temple_forest_ring
Orc:1:    layout_diamond_mine, monkooky_shop_alliterative
Orc:2:    st_orc_mages, layout_caves, nicolae_shop_clearance

Skill      XL: |  1  2  3  4  5  6  7  8  9 10 11 12 |
---------------+-------------------------------------+-----
Fighting       | 4 5 6 9 12 15 18 | 18.4
Maces & Flails | 3 4 5 7 9 12 14 | 14.0
Dodging        | 1 2 3 4 6 7 8 |  8.9
Stealth        | 1 2 3 4 5 |  5.4
Throwing       | 1 |  1.3
Armour         | 5 |  5.8
Shields        | |  3.6

Action                     |  1- 3 |  4- 6 |  7- 9 | 10-12 | 13-15 || total
---------------------------+-------+-------+-------+-------+-------++-------
  Melee: Flail             |    88 |   156 |   106 |       |       ||   350
         Headbutt          |    14 |    14 |    55 |    95 |     3 ||   181
         Mace              |       |       |    96 |       |       ||    96
         Morningstar       |       |       |    43 |   455 |    26 ||   524
         Whip              |       |       |     3 |       |       ||     3
  Throw: Dart              |       |       |       |     4 |       ||     4
 Invoke: Curse Item        |       |       |     1 |     2 |       ||     3
    Use: Potion            |     1 |     2 |     5 |     9 |     2 ||    19
         Scroll            |       |    10 |     7 |     5 |       ||    22
   Stab: Distracted        |       |       |     1 |     1 |       ||     2
         Paralysed         |       |       |     1 |       |       ||     1
         Invisible         |       |       |       |     1 |       ||     1
 Armour: Scale mail        |    65 |   104 |   137 |   207 |     7 ||   520
  Dodge: Dodged            |    35 |    74 |    87 |   198 |    14 ||   408
  Block: Buckler           |    18 |    34 |    44 |    27 |       ||   123
         Kite shield       |       |       |       |    88 |     9 ||    97

Table legend: (Time is in decaauts)
 A = Elapsed time spent in this place.
 B = Non-inter-level travel time spent in this place.
 C = Inter-level travel time spent in this place.
 D = Time resting spent in this place.
 E = Time spent auto-exploring this place.
 F = Levels seen in this place.
 G = Mean time per level.
                   A        B        C        D        E       F      G
               +--------+--------+--------+--------+--------+-----+--------+
         Total |  13232 |  12825 |    407 |      0 |  10331 |  17 |  778.4 |
       Dungeon |  12431 |  12096 |    335 |      0 |   9963 |  14 |  887.9 |
        Temple |     73 |      2 |     71 |      0 |      0 |   1 |   73.0 |
  Orcish Mines |    726 |    726 |      0 |      0 |    368 |   2 |  363.0 |
               +--------+--------+--------+--------+--------+-----+--------+

Top non-repeatable levels by time:
    D:11: 1787 daAuts
     D:7: 1544 daAuts
    D:10: 1415 daAuts
     D:6: 1295 daAuts
     D:1: 983 daAuts
     D:4: 868 daAuts
     D:3: 856 daAuts
    D:13: 836 daAuts
     D:5: 746 daAuts
     D:9: 641 daAuts
     D:2: 629 daAuts
     D:8: 600 daAuts
   Orc:2: 384 daAuts
   Orc:1: 342 daAuts
    D:12: 216 daAuts
